AoeStats
← 666

Arabia

508947001Analyzed
1v1 RM · 6d ago on Sep 24, 2026· 48m 58s· 2 players
Game mode
Random Map
Map size
Tiny (2 player)
Population
200
Speed
Normal
Resources
Standard
Victory
Conquest
Starting age
Dark Age
Ending age
Imperial Age
RankedLock teamsTeams togetherTeam positionsShared explorationLock speedFull tech treeHidden civsTurbo modeCheats
Victory
Defeat
🇪🇸 Malay · Spain
823
+15
🇨🇱 Spanish · Chile
807
-15
666
8:52 Feudal Age
10:09 Double-Bit Axe
12:04 Loom
21:29 Castle Age
21:38 Bloodlines
23:22 Fletching
23:32 Padded Archer Armor
26:20 Sanctity
32:35 Bow Saw
34:23 Wheelbarrow
37:39 Thumb Ring
37:00 Elite Skirmisher
39:46 Ballistics
44:30 Imperial Age
44:37 Bodkin Arrow
Antares
8:15 Loom
10:21 Feudal Age
10:01 Double-Bit Axe
10:04 Horse Collar
14:55 Wheelbarrow
18:44 Loom
21:26 Castle Age
21:21 Hand Cart
21:20 Bow Saw
22:58 Scale Barding Armor
22:22 Pikeman
23:04 Squires
26:24 Padded Archer Armor
29:43 Leather Archer Armor
31:32 Fletching
32:03 Thumb Ring
32:44 Ballistics
32:38 Town Watch
33:19 Heavy Plow
34:14 Town Patrol
35:08 Elite Skirmisher
38:32 Imperial Age
36:22 Bodkin Arrow
39:39 Halberdier
40:23 Bracer
40:53 Ring Archer Armor
41:55 Forging
41:34 Arson
44:25 Chemistry
44:54 Forced Levy
Connection lost

Rejoining the realm…

Still unreachable

The connection could not be restored.

Session expired

The server has moved on; the page needs a fresh start.